[Event "*** Titled Tuesday Blitz"]
[Site "Chess.com"]
[Date "2020.12.29"]
[Round "9"]
[White "Forantes"]
[Black "chessmachine14"]
[Result "0-1"]
[WhiteElo "2373"]
[BlackElo "2270"]
[TimeControl "180+1"]
[EndTime "11:43:57 PST"]
[Termination "chessmachine14 won by resignation"]

1. Nf3 Nf6 2. g3 g6 3. Bg2 Bg7 4. O-O O-O 5. d4 d6 6. c4 Nc6 7.
Nc3 a6 8. Re1 Rb8 9. b3 b5 10.
cxb5 axb5 11. Bb2 b4 12. Nb1 e5 13. dxe5 Ng4 14. Nbd2 Ngxe5 15. Qc1 Bd7 16. Nxe5 Nxe5 17. Nc4 Nxc4 18. Bxg7 Kxg7 19. Qxc4 c6 20. Red1 d5 21. Qd4+ Qf6 22. e4 Bg4 23. e5 Qe6 24. f3 Bf5 25. g4 Bc2 26. Rd2 c5 27. Qxc5 Qxe5 28. Rc1 Rfc8 29.
Qxd5 Qe3+ 30. Kh1 Bxb3 31. Qxb3 Rxc1+ 32. Rd1 Qxb3 33. axb3 Rxd1+ 34. Bf1 Rxf1+ 0-1

[Event "*** Titled Tuesday Blitz"]
[Site "Chess.com"]
[Date "2020.12.29"]
[Round "9"]
[White "elohunter1999"]
[Black "tlomigtlis"]
[Result "0-1"]
[WhiteElo "2669"]
[BlackElo "2557"]
[TimeControl "180+1"]
[EndTime "11:43:58 PST"]
[Termination "tlomigtlis won on time"]

1. d4 d5 2. c4 c6 3. Nf3 Nf6 4. Nc3 e6 5. e3 a6 6. b3 Bb4 7. Bd2 O-O 8. Bd3 Nbd7 9. O-O Bd6 10. Qe2 e5 11. cxd5 cxd5 12. e4 exd4 13. Nxd5 Nxd5 14. exd5 Nf6 15. Bg5 h6 16. Bh4 Bg4 17. h3 Bh5 18. g4 Bg6 19. Bxg6 fxg6 20. Qe6+ Kh7 21. Nxd4 g5 22. Bxg5 hxg5 23. Qf5+ g6 24. Qxg5 Ne4 25. Qe3 Ng5 26. Kg2 Bf4 27. Qd3 Qxd5+ 28. f3 Rad8 29. Rad1 Be5 30. Rfe1 Bxd4 31. Re7+ Kh6 32. h4 Qxf3+ 33. Qxf3 Nxf3 34. g5+ Kh5 35. Kg3 Bf2+ 36. Kh3 Rxd1 0-1

[Event "*** Titled Tuesday Blitz"]
[Site "Chess.com"]
[Date "2020.12.29"]
[Round "9"]
[White "drragnar1"]
[Black "Susal_De_Silva"]
[Result "1/2-1/2"]
[WhiteElo "2449"]
[BlackElo "2563"]
[TimeControl "180+1"]
[EndTime "11:43:58 PST"]
[Termination "Game drawn by repetition"]

1. g3 g6 2. Bg2 Bg7 3. c4 d6 4.
Nc3 Nf6 5. Nf3 O-O 6. O-O e5 7.
d3 Nc6 8. Rb1 Ne8 9. b4 f5 10.
b5 Ne7 11. Qc2 h6 12. a4 f4 13. Ba3 g5 14. c5 d5 15. c6 bxc6 16. bxc6 Nd6 17.
Nd2 Be6 18. Bxd6 Qxd6 19. Nb5 Qd8 20. Nb3 a6 21. Nc5 Rf6 22. Nc3 Bf7 23. Nb7 Qe8 24. Na5 Rd8 25. Rfc1 Rxc6 26. Nxc6 Nxc6 27. Nxd5 Nd4 28.
Nxc7 Qd7 29. Qd2 Rc8 30. Nxa6 Rxc1+ 31. Rxc1 Nb3 32. Nc5 Nxc5 33. Rxc5 Qxa4 34. h3 Bg6 35. Qc2 Qa1+ 36. Kh2 Kh7 37. Rc7 Qd4 38. Qc3 Qxf2 39. Qxe5 Qxg3+ 40. Kg1 Qe1+ 41. Kh2 Qg3+ 42. Kh1 Qe1+ 43.
Kh2 Qg3+ 1/2-1/2

[Event "*** Titled Tuesday Blitz"]
[Site "Chess.com"]
[Date "2020.12.29"]
[Round "9"]
[White "geordie_derraugh"]
[Black "ferdipy"]
[Result "0-1"]
[WhiteElo "2495"]
[BlackElo "2212"]
[TimeControl "180+1"]
[EndTime "11:43:59 PST"]
[Termination "ferdipy won on time"]

1. e4 c5 2. Nf3 d6 3. Bb5+ Nd7 4. d4 cxd4 5. Qxd4 a6 6. Bxd7+ Bxd7 7. Nc3 Nf6 8. Bg5 h6 9. Bh4 g5 10. Bg3 Bg7 11.
O-O-O O-O 12. Qd3 Qa5 13. h4 g4 14. Nd4 Rfc8 15. Nb3 Qb6 16. f3 a5 17. e5 dxe5 18.
Bxe5 Be6 19. Bd4 Qc7 20. Kb1 Bc4 21. Qf5 a4 22. Nd2 Be6 23. Qe5 Qc6 24. fxg4 Bxg4 25.
Rde1 Rd8 26. Qf4 h5 27. Bxf6 Bxf6 28. Nde4 Bg7 29. Rhf1 Qc4 30. Ng5 Qxf4 31. Rxf4 a3 32. Nxf7 Rf8 33. Ref1 axb2 34. Kxb2 Rac8 35. Ne5 Rxf4 36.
Rxf4 Bxe5 0-1

[Event "*** Titled Tuesday Blitz"]
[Site "Chess.com"]
[Date "2020.12.29"]
[Round "9"]
[White "Msb2"]
[Black "jcibarra"]
[Result "1/2-1/2"]
[WhiteElo "2803"]
[BlackElo "2892"]
[TimeControl "180+1"]
[EndTime "11:44:01 PST"]
[Termination "Game drawn by repetition"]

1. d4 Nf6 2. c4 d6 3. Nf3 g6 4. Nc3 Bf5 5. d5 e5 6. dxe6 Bxe6 7. Nd4 Bd7 8. e4 Bg7 9. Be2 O-O 10. Be3 Re8 11.
f3 Nc6 12. Qd2 Nh5 13. O-O f5 14. f4 Nf6 15. Nxc6 Bxc6 16. exf5 gxf5 17. Bd4 Ne4 18. Nxe4 Bxd4+ 19. Qxd4 Rxe4 20. Qd2 Qf6 21. Rad1 Rae8 22. Bf3 Rxc4 23. Bd5+ Bxd5 24. Qxd5+ Qf7 25. Qxb7 Re2 26. Rde1 Rcc2 27. Rxe2 Rxe2 28. Qxa7 Qd5 29. Rf2 Qd1+ 30. Rf1 Qd5 31. Rf2 Qd1+ 32. Rf1 Qd5 1/2-1/2

[Event "*** Titled Tuesday Blitz"]
[Site "Chess.com"]
[Date "2020.12.29"]
[Round "9"]
[White "K_A_S_T_O_R"]
[Black "bazar-wokzal"]
[Result "1-0"]
[WhiteElo "2803"]
[BlackElo "2564"]
[TimeControl "180+1"]
[EndTime "11:44:01 PST"]
[Termination "K_A_S_T_O_R won by resignation"]

1. e4 Nc6 2. Nf3 d5 3. exd5 Qxd5 4. Nc3 Qa5 5. Bb5 Bd7 6. O-O a6 7. Ba4 Nf6 8. Re1 Qh5 9. Ne2 b5 10. Ng3 Qg6 11. Bb3 h5 12. c3 h4 13. Bc2 Qg4 14. h3 Qc4 15. Ne4 e6 16. d4 Qd5 17.
Neg5 Bd6 18. Qe2 Rd8 19. Ne5 Bxe5 20. dxe5 Ng8 21. Be4 Qc5 22. Bf4 Nxe5 23. Bxe5 Qxe5 24. Nxf7 Qh5 25. Nxh8 Qxh8 26. Bg6+ Kf8 27. Qe3 Nf6 28. Qc5+ Kg8 29. Qe7 Rf8 30. Rad1 Qh6 31. Bc2 Bc8 32. Rd8 Nh7 33. Bxh7+ 1-0

[Event "*** Titled Tuesday Blitz"]
[Site "Chess.com"]
[Date "2020.12.29"]
[Round "9"]
[White "yobdc"]
[Black "03revilo"]
[Result "1-0"]
[WhiteElo "2444"]
[BlackElo "2293"]
[TimeControl "180+1"]
[EndTime "11:44:02 PST"]
[Termination "yobdc won by checkmate"]

1. e4 c5 2. Nc3 Nc6 3. Bb5 Nd4 4.
Bc4 g6 5. Nf3 Bg7 6. Nxd4 cxd4 7. Qf3 Nh6 8. Ne2 O-O 9. d3 Kh8 10. Bxh6 Bxh6 11. Nxd4 Bg7 12. c3 Bxd4 13. cxd4 Qa5+ 14.
Kf1 Qb6 15. h4 Qxb2 16. Re1 Qxd4 17. h5 Qf6 18. Qe3 d6 19. d4 Be6 20. Bd3 g5 21. g3 Bg4 22. Kg2 Rac8 23. e5 dxe5 24.
dxe5 Qe6 25. Qxg5 Rc3 26. Re3 Qd5+ 27. Be4 Qd4 28. Qh6 f5 29. Qxf8# 1-0

[Event "*** Titled Tuesday Blitz"]
[Site "Chess.com"]
[Date "2020.12.29"]
[Round "9"]
[White "Nemsko"]
[Black "The_Machine04"]
[Result "0-1"]
[WhiteElo "2317"]
[BlackElo "2424"]
[TimeControl "180+1"]
[EndTime "11:44:03 PST"]
[Termination "The_Machine04 won by resignation"]

1. e4 d6 2. d4 Nf6 3. Nc3 e5 4. Nf3 Nbd7 5. Be3 Be7 6. Qd2 c6 7. O-O-O Qc7 8. h3 b5 9. Bd3 b4 10. Ne2 a5 11. g4 h6 12. Rdg1 c5 13. dxc5 dxc5 14. c4 Bb7 15. Ng3 O-O-O 16. Qc2 g6 17. Rd1 Nb8 18. g5 hxg5 19. Nxg5 Rhf8 20. Rhf1 Nc6 21. f4 Nd7 22. Kb1 Nd4 23. Bxd4 cxd4 24. Ne2 Kb8 25. Nf3 f6 26. Rg1 Rg8 27. fxe5 fxe5 28.
Rg4 Nc5 29. Rdg1 Qd6 30. Qd2 Rdf8 31. Ng5 Rf2 32. R4g2 Bxg5 33. Rxg5 Nxe4 34. Bxe4 Bxe4+ 35. Ka1 d3 36. Re1 Qc5 0-1

[Event "*** Titled Tuesday Blitz"]
[Site "Chess.com"]
[Date "2020.12.29"]
[Round "9"]
[White "Keures"]
[Black "PhoenixFire8"]
[Result "1-0"]
[WhiteElo "2346"]
[BlackElo "2433"]
[TimeControl "180+1"]
[EndTime "11:44:07 PST"]
[Termination "Keures won by resignation"]

1. d4 g6 2. c4 Bg7 3. Nc3 d6 4. e4 Nf6 5. Nf3 O-O 6. h3 c5 7. d5 e6 8. Bd3 Re8 9. O-O a6 10. dxe6 fxe6 11. e5 dxe5 12. Nxe5 Nh5 13. Ng4 Nc6 14.
Nh6+ Bxh6 15. Bxh6 Nd4 16. Ne4 Qe7 17. g4 Nf6 18.
Bg5 Rf8 19. Nxf6+ Rxf6 20. f4 Bd7 21. Qe1 Bc6 22. Qh4 Raf8 23. Bxf6 Rxf6 24. Qg3 b6 25. Rae1 Qd6 26. Be4 g5 27. Bxc6 gxf4 28. Qh4 f3 29.
Be4 Ne2+ 30. Rxe2 Qd4+ 31. Ref2 Qxe4 32. Qxf6 1-0

[Event "*** Titled Tuesday Blitz"]
[Site "Chess.com"]
[Date "2020.12.29"]
[Round "9"]
[White "anon481216"]
[Black "AdarshIsMe"]
[Result "1-0"]
[WhiteElo "2404"]
[BlackElo "2191"]
[TimeControl "180+1"]
[EndTime "11:44:07 PST"]
[Termination "anon481216 won by resignation"]

1. d4 Nf6 2. c4 e6 3. Nf3 Bb4+ 4. Bd2 Bxd2+ 5. Qxd2 O-O 6. g3 d6 7. Bg2 Nbd7 8. Nc3 e5 9. O-O Re8 10. e4 exd4 11. Nxd4 Nc5 12. Rae1 c6 13. b3 Bg4 14. h3 Bh5 15. f4 Qd7 16. g4 Nxg4 17. hxg4 Bxg4 18.
f5 Qe7 19. Qf4 Bh5 20. f6 Qxf6 21. Qxf6 gxf6 22. Rxf6 Bg6 23. Rxd6 Re5 24. b4 Nd3 25. Rb1 h5 26. Rd7 c5 27. bxc5 Rxc5 28. Rbxb7 Rxc4 29. Nd5 Nc1 30. Ne7+ Kg7 31. Nxg6 Kxg6 32. Nf5 Ne2+ 33. Kh2 Nf4 34. Rxf7 Nxg2 35. Rg7+ Kf6 36. Rbf7+ Ke5 37. Re7+ Kf4 38. Rxg2 Rxe4 39. Rf2+ 1-0

[Event "*** Titled Tuesday Blitz"]
[Site "Chess.com"]
[Date "2020.12.29"]
[Round "9"]
[White "Pedrada88"]
[Black "KhamzinOlzhas"]
[Result "1-0"]
[WhiteElo "2387"]
[BlackElo "2453"]
[TimeControl "180+1"]
[EndTime "11:44:09 PST"]
[Termination "Pedrada88 won by checkmate"]

1. Nf3 c6 2. g3 d5 3. Bg2 Nf6 4. O-O Nbd7 5. d4 e6 6. c4 Ne4 7. Ne1 Nd6 8. c5 Nf5 9. e4 dxe4 10. Bxe4 Be7 11. Bxf5 exf5 12. Qf3 O-O 13. Nc3 Nf6 14.
Be3 Ng4 15. Nd3 Bf6 16. Rad1 Be6 17. Nf4 Bc4 18. Rfe1 Bg5 19. b3 Ba6 20. d5 Nxe3 21. Rxe3 cxd5 22. Ncxd5 Qa5 23. h4 Bxf4 24. Qxf4 Qxc5 25.
Qxf5 Qa3 26. Re5 Rae8 27. Rde1 Rxe5 28. Rxe5 Qc1+ 29. Kh2 Qd2 30. Ne7+ Kh8 31. Rd5 Qe2 32. Qxf7 Rb8 33. Rf5 h6 34. Ng6+ Kh7 35. Nf8+ Kh8 36. Qg6 Bd3 37. Qh7# 1-0

[Event "*** Titled Tuesday Blitz"]
[Site "Chess.com"]
[Date "2020.12.29"]
[Round "9"]
[White "MoreChessJulia"]
[Black "MasterMK73"]
[Result "1-0"]
[WhiteElo "2115"]
[BlackElo "2232"]
[TimeControl "180+1"]
[EndTime "11:44:09 PST"]
[Termination "MoreChessJulia won by resignation"]

1. d4 d5 2. Bg5 h6 3. Bh4 c6 4. f4 Qb6 5. b3 Nd7 6. e3 Ngf6 7. Bd3 e6 8. Nf3 Ne4 9. O-O f5 10. Bxe4 dxe4 11. Ne5 Nxe5 12. fxe5 g6 13. c4 Be7 14. Bxe7 Kxe7 15. Nc3 h5 16. Qd2 Rd8 17. Rfd1 Bd7 18. Qf2 g5 19. Qg3 Rg8 20. d5 f4 21. Qh3 exd5 22. Qxh5 Qxe3+ 23. Kh1 f3 24. cxd5 Rh8 25. d6+ Kd8 26. Qf7 fxg2+ 27. Kxg2 Bh3+ 28. Kh1 Qf3+ 29. Qxf3 exf3 30. Ne4 Kd7 31. Nf2 Bg2+ 32. Kg1 Rh4 33.
Rd3 Rah8 34. h3 g4 35. Nxg4 Rxg4 36. hxg4 Rh1+ 37. Kf2 Rxa1 38. Re3 Ke6 39. g5 Rf1+ 40. Kg3 Rg1 41. Kf2 Rf1+ 42. Kg3 Bh1 43. g6 Rg1+ 44. Kh2 Rxg6 45. Kxh1 Rg2 46. Rxf3 Rxa2 47. Rd3 Kd7 48. e6+ Kxe6 49. d7 Ra1+ 50. Kg2 Ra2+ 51. Kf3 1-0

[Event "*** Titled Tuesday Blitz"]
[Site "Chess.com"]
[Date "2020.12.29"]
[Round "9"]
[White "ZiggyStardust64"]
[Black "Khusenkhojaev"]
[Result "1-0"]
[WhiteElo "2674"]
[BlackElo "2437"]
[TimeControl "180+1"]
[EndTime "11:44:11 PST"]
[Termination "ZiggyStardust64 won by resignation"]

1. e4 e5 2. Nf3 Nc6 3. Bb5 a6 4. Ba4 Nf6 5. O-O Be7 6. Re1 b5 7. Bb3 d6 8. c3 O-O 9. h3 Nb8 10. d4 Nbd7 11. Nbd2 Bb7 12. Bc2 Re8 13. Nf1 Bf8 14.
Ng3 g6 15. a4 c5 16. d5 c4 17. Bg5 h6 18. Be3 Nc5 19. Nh2 h5 20. Nhf1 Nfd7 21. Nd2 Bg7 22. Rf1 Nb6 23. a5 Nbd7 24. Kh1 Bc8 25. Ne2 Nb7 26. f4 Nxa5 27. f5 Nb7 28. b4 a5 29. Ng1 a4 30. Ngf3 Qe7 31. Ng5 Nd8 32. Qf3 Rf8 33. Qg3 Nf6 34. Ndf3 Kh8 35.
Nh4 gxf5 36. Nxf5 Bxf5 37. Rxf5 a3 38. Qh4 Kg8 39. Nf3 Re8 40. Bg5 1-0

[Event "*** Titled Tuesday Blitz"]
[Site "Chess.com"]
[Date "2020.12.29"]
[Round "9"]
[White "zurzan"]
[Black "JoAttack"]
[Result "1-0"]
[WhiteElo "2063"]
[BlackElo "2177"]
[TimeControl "180+1"]
[EndTime "11:44:11 PST"]
[Termination "zurzan won by resignation"]

1. f4 d5 2. Nf3 c5 3. g3 Nc6 4. Bg2 g6 5. O-O Bg7 6. d3 d4 7.
c3 Nf6 8. e4 dxe3 9. Bxe3 Nd7 10. Na3 O-O 11. Qc2 Rb8 12. Rad1 b6 13. d4 cxd4 14.
Nxd4 Nxd4 15. Bxd4 Qc7 16. Bxg7 Kxg7 17. Rfe1 Nf6 18.
Qe2 Be6 19. Nb5 Qc5+ 20. Nd4 Bg4 21. Bf3 Bxf3 22. Qxf3 Rbd8 23. Qe3 Rd7 24. b4 Qc4 25. a4 Rc8 26. Rc1 Rdc7 27. h3 a6 28. g4 Qd5 29.
f5 Qd6 30. b5 Nd5 31. Qe5+ Qxe5 32. Rxe5 Nxc3 33. bxa6 Nxa4 34. Rxc7 Rxc7 35. Nb5 Rc8 36. a7 Kf6 37. Rd5 Nc5 38. Nc7 1-0

[Event "*** Titled Tuesday Blitz"]
[Site "Chess.com"]
[Date "2020.12.29"]
[Round "9"]
[White "queen_iryna"]
[Black "norwaytoadog"]
[Result "0-1"]
[WhiteElo "2299"]
[BlackElo "2192"]
[TimeControl "180+1"]
[EndTime "11:44:12 PST"]
[Termination "norwaytoadog won by checkmate"]

1. e4 c5 2. Nf3 d6 3. Bb5+ Bd7 4. Bxd7+ Nxd7 5. c4 Ngf6 6. Nc3 e6 7. O-O Be7 8. d4 cxd4 9. Nxd4 a6 10. Be3 Rc8 11.
Qe2 Ne5 12. b3 b5 13. Rac1 bxc4 14. bxc4 O-O 15. Rfd1 Qa5 16. Nb3 Qb4 17. c5 dxc5 18. Qxa6 Nc4 19. Qb5 Nxe3 20. fxe3 c4 21. Nd4 Qa3 22.
h3 Rb8 23. Qxc4 Rfc8 24. Qd3 Rb2 25. Nce2 Qa8 26. Rxc8+ Qxc8 27. a4 Qb7 28. Nb5 h5 29.
Qd4 Rxe2 30. Kf1 Rc2 31. e5 Qxg2+ 32. Ke1 Qe2# 0-1

[Event "*** Titled Tuesday Blitz"]
[Site "Chess.com"]
[Date "2020.12.29"]
[Round "9"]
[White "Brave_spirit12"]
[Black "Dynamikus"]
[Result "0-1"]
[WhiteElo "2550"]
[BlackElo "2739"]
[TimeControl "180+1"]
[EndTime "11:44:14 PST"]
[Termination "Dynamikus won by resignation"]

1. e4 c6 2. Nc3 d5 3. Nf3 Bg4 4. h3 Bxf3 5. Qxf3 e6 6. d4 Nf6 7. e5 Nfd7 8. a3 c5 9. Ne2 cxd4 10. Bf4 Nc6 11. O-O-O Qb6 12. Kb1 Ndxe5 13. Bxe5 Nxe5 14.
Qb3 Qxb3 15. cxb3 Bc5 16. Nxd4 Bxd4 17. Rxd4 Ke7 18. Be2 g5 19. Re1 Kd6 20. g3 Nc6 21.
Rd2 h6 22. Bh5 Raf8 23. b4 Rhg8 24. Rde2 Rg7 25. Ka2 Rc8 26. Rd2 Ne5 27. f4 gxf4 28. gxf4 Nd7 29. Red1 Nf6 30. Bf3 Rg3 31. Bg2 Rcg8 32.
Bf1 Rf3 33. Rd4 Rg1 34. Be2 Rxd1 35. Rxd1 Rxf4 36. b5 Rf2 37. Bd3 e5 38. a4 e4 39.
Bb1 Ke5 40. a5 d4 41. Rc1 Nd5 42. Rc8 d3 43. a6 bxa6 44. bxa6 Nb4+ 45. Kb3 Nxa6 46.
Re8+ Kd4 47. Rd8+ Ke3 48. Kc3 Nc5 49. Rd4 Rf1 0-1

[Event "*** Titled Tuesday Blitz"]
[Site "Chess.com"]
[Date "2020.12.29"]
[Round "9"]
[White "stasiek18"]
[Black "nitpicker"]
[Result "1-0"]
[WhiteElo "2379"]
[BlackElo "2252"]
[TimeControl "180+1"]
[EndTime "11:44:14 PST"]
[Termination "stasiek18 won by resignation"]

1. e4 d5 2. exd5 Qxd5 3. Nc3 Qd8 4. d4 Nf6 5. Bc4 a6 6. Nf3 b5 7.
Bb3 c5 8. dxc5 Qxd1+ 9. Nxd1 e6 10. Be3 Bb7 11. a4 b4 12. a5 Nfd7 13. Ba4 Nc6 14.
Nd4 Rc8 15. Nxc6 Bxc6 16. Bxc6 Rxc6 17. Ra4 Nxc5 18. Bxc5 Bxc5 19. c3 b3 20. Ke2 Ke7 21. Rc4 Rb8 22. Ne3 Rb5 23. Ra1 Kd7 24. Ng4 f6 25. h4 Bd6 26. Rxc6 Kxc6 27. Ne3 Kc5 28. g3 Bc7 29. Ra4 Rxa5 30. Rc4+ Kd6 31. Rb4 Rb5 32. Nc4+ Kc5 33. Rxb5+ Kxb5 34. Nd2 Ka4 35. Kd3 Bb6 36. f3 Bf2 37. Ne4 Bb6 38. Kc4 Bc7 39. g4 h5 40.
gxh5 Bf4 41. Nc5+ Ka5 42. Nxe6 Bc1 43. Nxg7 Bxb2 44. Kxb3 Bc1 45. Nf5 Kb6 46. h6 Bxh6 47. Nxh6 Kc5 48. Nf5 1-0

[Event "*** Titled Tuesday Blitz"]
[Site "Chess.com"]
[Date "2020.12.29"]
[Round "9"]
[White "rachidhuilda"]
[Black "Th3ChessViking"]
[Result "0-1"]
[WhiteElo "2219"]
[BlackElo "2451"]
[TimeControl "180+1"]
[EndTime "11:44:15 PST"]
[Termination "Th3ChessViking won by checkmate"]

1. d4 Nf6 2. Bg5 c5 3. d5 g6 4.
Bxf6 exf6 5. g3 d6 6. Bg2 f5 7. c4 Bg7 8. Nc3 O-O 9. e3 Bxc3+ 10. bxc3 b6 11. Nf3 Qf6 12. Qd3 Ba6 13. O-O Nd7 14. Rfd1 Rfe8 15. a4 Re4 16. Nd2 Re7 17. Bf1 Ne5 18. Qc2 g5 19. a5 bxa5 20. Rxa5 Bc8 21. Bg2 f4 22. exf4 gxf4 23. Qa2 Bg4 24. Ra1 fxg3 25. hxg3 Bf3 26. Nxf3 Nxf3+ 27. Bxf3 Qxf3 28. Qd2 Re2 29. Qg5+ Kh8 30. Rf1 Rg8 31. Qh6 Rxg3+ 32. Kh2 Qg2# 0-1

[Event "*** Titled Tuesday Blitz"]
[Site "Chess.com"]
[Date "2020.12.29"]
[Round "9"]
[White "hansen"]
[Black "12teen"]
[Result "1-0"]
[WhiteElo "2899"]
[BlackElo "2769"]
[TimeControl "180+1"]
[EndTime "11:44:17 PST"]
[Termination "hansen won by checkmate"]

1. e4 e6 2. d4 b6 3. Nf3 Bb7 4. Bd3 Nf6 5. Nbd2 d5 6. e5 Nfd7 7. O-O Be7 8. c3 c5 9. Ne1 Nc6 10. Nc2 a6 11. Qg4 g6 12. Nf3 h5 13. Qg3 Nf8 14. h4 c4 15. Be2 b5 16. a3 Qc7 17.
Bg5 Nd7 18. a4 Nb6 19. axb5 axb5 20. Bxe7 Qxe7 21. Ng5 Kd7 22. Qf4 Rhf8 23. Nh7 Rh8 24. Nf6+ Kc7 25. Ne3 Rxa1 26. Rxa1 Ra8 27. Rb1 Ra2 28. Bf3 Na5 29. Ng8 Qf8 30. Nh6 Na4 31. Nd1 Kb6 32. Nxf7 Bc6 33. Qf6 Nb3 34. Qxe6 Nd2 35.
Bxd5 Qe8 36. Qf6 Nxb1 37. Nd8 Kc7 38. Qd6+ Kc8 39. Nxc6 Nd2 40. Qb8+ Kd7 41. Qb7# 1-0

[Event "*** Titled Tuesday Blitz"]
[Site "Chess.com"]
[Date "2020.12.29"]
[Round "9"]
[White "Shepherdboy"]
[Black "vinniethepooh"]
[Result "1/2-1/2"]
[WhiteElo "2381"]
[BlackElo "2696"]
[TimeControl "180+1"]
[EndTime "11:44:17 PST"]
[Termination "Game drawn by repetition"]

1. d4 Nf6 2. c4 e6 3. Nf3 d5 4. Nc3 c6 5. Bg5 dxc4 6. e4 b5 7. e5 h6 8. Bh4 g5 9. Nxg5 hxg5 10. Bxg5 Nbd7 11. exf6 Bb7 12. g3 c5 13. d5 Qb6 14. Bg2 O-O-O 15. O-O b4 16. Na4 Qa6 17. a3 Bxd5 18. Bxd5 Ne5 19. axb4 Rxd5 20. Qe2 cxb4 21.
Nc3 Qc6 22. Nxd5 Qxd5 23. f3 Nd3 24. Be3 Bc5 25. Ra6 Kb7 26. Rfa1 Qe5 27. Rxa7+ Bxa7 28. Rxa7+ Kc6 29. Ra6+ Kb7 30. Ra7+ Kc6 31. Ra6+ Kb5 32. Rb6+ Ka5 33. Rc6 Qxb2 34. Rc5+ Ka6 35. Rc6+ Kb5 36. Rc5+ Ka6 37. Rc6+ Kb5 38. Rc5+ Ka6 1/2-1/2

[Event "*** Titled Tuesday Blitz"]
[Site "Chess.com"]
[Date "2020.12.29"]
[Round "9"]
[White "HrvojeZagreb"]
[Black "Deepweb2020"]
[Result "1-0"]
[WhiteElo "2252"]
[BlackElo "2344"]
[TimeControl "180+1"]
[EndTime "11:44:17 PST"]
[Termination "HrvojeZagreb won on time"]

1. d4 Nf6 2. Bf4 e6 3. e3 c5 4.
c3 d5 5. Nd2 Bd6 6. Bg3 Qc7 7.
Ngf3 Nbd7 8. Bb5 O-O 9. Bxd7 Nxd7 10. e4 cxd4 11. Nxd4 Bxg3 12. hxg3 Nc5 13. Qc2 dxe4 14. Nxe4 Nxe4 15. Qxe4 f5 16. Qh4 g6 17. O-O-O e5 18. Nb5 Qg7 19. Rd8 Be6 20. Rhd1 g5 21. Rxf8+ Rxf8 22.
Qb4 a6 23. Nd6 b5 24. b3 Rd8 25. Qc5 f4 26. Ne4 Rxd1+ 27. Kxd1 Qd7+ 28. Kc1 fxg3 29. Nf6+ Kf7 30. Nxd7 1-0

[Event "*** Titled Tuesday Blitz"]
[Site "Chess.com"]
[Date "2020.12.29"]
[Round "9"]
[White "Borsuk_Konstantin"]
[Black "Sharpchess22"]
[Result "0-1"]
[WhiteElo "2666"]
[BlackElo "2819"]
[TimeControl "180+1"]
[EndTime "11:44:18 PST"]
[Termination "Sharpchess22 won on time"]

1. d4 Nf6 2. c4 e6 3. Nc3 Bb4 4.
Qc2 O-O 5. a3 Bxc3+ 6. Qxc3 b6 7. Nf3 d6 8. g3 Nbd7 9. Bg2 Bb7 10. O-O h6 11. b4 Re8 12. Bb2 Qe7 13. Rfd1 Be4 14.
Bf1 c6 15. Nd2 Bg6 16. Bg2 d5 17. Rac1 h5 18. cxd5 cxd5 19. b5 a6 20. Qb3 axb5 21.
Rc7 b4 22. axb4 Qd8 23. Rdc1 b5 24. Nf3 Ne4 25. Rb7 Nd6 26. Rxd7 Qxd7 27. Ne5 Qe7 28. Nxg6 fxg6 29. e4 Nxe4 30. Bxe4 dxe4 31. Rc5 Qd7 32.
Qe3 Ra2 33. Qc1 Qf7 34. Qb1 Rea8 35. Re5 Qf3 36. Rxe6 Qb3 37. Qxe4 Qxb2 38. Qe3 Rf8 0-1

[Event "*** Titled Tuesday Blitz"]
[Site "Chess.com"]
[Date "2020.12.29"]
[Round "9"]
[White "frederiksvane"]
[Black "TregubovP"]
[Result "0-1"]
[WhiteElo "2732"]
[BlackElo "2618"]
[TimeControl "180+1"]
[EndTime "11:44:18 PST"]
[Termination "TregubovP won by checkmate"]

1. e4 e6 2. d4 d5 3. Nd2 c5 4. exd5 exd5 5. Ngf3 Nc6 6. Bb5 Qe7+ 7.
Qe2 Qxe2+ 8. Kxe2 a6 9. Bxc6+ bxc6 10. dxc5 Bxc5 11. Nb3 Bd6 12. Be3 a5 13. a4 Nf6 14.
Rhe1 Ba6+ 15. Kd1 Kd7 16. Nfd2 Rhb8 17. Nc5+ Kc7 18. Kc1 Bc8 19. h3 Nd7 20. Ndb3 Rb4 21. Nxd7 Bxd7 22. Rd1 Rab8 23. Nxa5 Bf5 24. Ra2 Ra8 25. c3 Rbb8 26. b4 Be5 27. Ra3 Be4 28. f3 Bg6 29. Bd4 Bf4+ 30. Kb2 Rxa5 31. Raa1 c5 32. Ka3 cxd4 33. bxa5 dxc3 34. Rxd5 Bd6+ 35. Ka2 Rb2# 0-1

[Event "*** Titled Tuesday Blitz"]
[Site "Chess.com"]
[Date "2020.12.29"]
[Round "9"]
[White "1977Ivan"]
[Black "RobPeresian"]
[Result "1-0"]
[WhiteElo "2684"]
[BlackElo "2443"]
[TimeControl "180+1"]
[EndTime "11:44:18 PST"]
[Termination "1977Ivan won by resignation"]

1. d4 d5 2. c4 c6 3. Nf3 Nf6 4. Nc3 dxc4 5. e4 b5 6. Be2 e6 7.
O-O Be7 8. a4 b4 9. e5 bxc3 10.
exf6 Bxf6 11. bxc3 O-O 12. Bxc4 Ba6 13. Bxa6 Nxa6 14. Qe2 Qc8 15. Ba3 Rd8 16. Rab1 c5 17.
Rfd1 cxd4 18. cxd4 Rb8 19. Rxb8 Nxb8 20. Rc1 Qa6 21.
Qb5 h6 22. h3 Kh7 23. Rc7 Qxb5 24. axb5 Rd7 25. Rxd7 Nxd7 26. Bc5 Nb6 27. Ne5 Bxe5 28. dxe5 Kg6 29. g4 f6 30. f4 fxe5 31. fxe5 h5 32. Kg2 hxg4 33. hxg4 Kf7 34. Kf3 g5 35. Be3 Kg6 36. Ke4 Nd5 37. Kd4 Kh6 38. Bd2 Kg6 39. Kc5 Nf4 40. Kd6 Kf7 41. Be3 Nd3 42. Bxa7 1-0

[Event "*** Titled Tuesday Blitz"]
[Site "Chess.com"]
[Date "2020.12.29"]
[Round "9"]
[White "Chess_Boxer123"]
[Black "ChristopherYoo"]
[Result "0-1"]
[WhiteElo "2571"]
[BlackElo "2867"]
[TimeControl "180+1"]
[EndTime "11:44:19 PST"]
[Termination "ChristopherYoo won by resignation"]

1. e4 c5 2. Nf3 Nc6 3. c3 d5 4. exd5 Qxd5 5. d4 g6 6. Be2 Bg7 7. Be3 cxd4 8. cxd4 Nf6 9. Nc3 Qa5 10. O-O O-O 11. h3 Nd5 12. Nxd5 Qxd5 13. a3 b6 14. Rc1 Bb7 15. Bc4 Qd6 16. b4 Rfd8 17. Qb3 e6 18. Rfd1 Ne7 19. Ne5 Bxe5 20. dxe5 Qxe5 21.
Be2 Nf5 22. Rxd8+ Rxd8 23. Qc3 Qxc3 24. Rxc3 Nxe3 25. fxe3 Rd2 26. Bf1 Rd7 27. Kf2 Kf8 28. Bb5 Rd2+ 29. Be2 Ba6 0-1

[Event "*** Titled Tuesday Blitz"]
[Site "Chess.com"]
[Date "2020.12.29"]
[Round "9"]
[White "grunbergmihai"]
[Black "Fh2411"]
[Result "1/2-1/2"]
[WhiteElo "2452"]
[BlackElo "2561"]
[TimeControl "180+1"]
[EndTime "11:44:20 PST"]
[Termination "Game drawn by agreement"]

1. Nf3 d5 2. c4 c6 3. g3 Nf6 4. Bg2 Bf5 5. O-O e6 6. cxd5 exd5 7. d3 Be7 8. Nc3 O-O 9. Qc2 h6 10. e4 Bh7 11. Re1 Bb4 12. a3 Bxc3 13. bxc3 dxe4 14. dxe4 Nbd7 15. Nd4 Re8 16. f3 Nc5 17. Be3 Nfd7 18. Rad1 Qa5 19. Nb3 Qxa3 20. Nxc5 Nxc5 21. Ra1 Qb3 22. Qxb3 Nxb3 23. Rxa7 Rxa7 24. Bxa7 f5 25. Bf1 Nd2 26. Kf2 Nxf1 27. Kxf1 fxe4 28. fxe4 Bxe4 29.
Bd4 b5 30. Kf2 Kf7 31. h4 g6 32. g4 h5 33. gxh5 gxh5 34. Re3 Re6 35. Rg3 Bg6 36.
Rf3+ Ke7 37. Bc5+ Kd7 38. Bd4 Kd6 39. Rf6 Rxf6+ 40. Bxf6 Kd5 41. Ke3 Kc4 42. Kd2 Kb3 43. Be7 Kc4 44. Bf6 c5 45. Bg7 Kb3 46. Bf8 b4 47.
Bxc5 bxc3+ 48. Kc1 Kc4 49. Be7 1/2-1/2

[Event "*** Titled Tuesday Blitz"]
[Site "Chess.com"]
[Date "2020.12.29"]
[Round "9"]
[White "Zmeeed63"]
[Black "arna"]
[Result "0-1"]
[WhiteElo "2309"]
[BlackElo "2161"]
[TimeControl "180+1"]
[EndTime "11:44:21 PST"]
[Termination "arna won on time"]

1. d4 d5 2. c4 e6 3. Nc3 c6 4. e3 f5 5. g4 Nf6 6. gxf5 exf5 7. Nf3 Bd6 8. cxd5 cxd5 9. Qb3 Nc6 10. Bd2 Na5 11. Bb5+ Bd7 12. Qa4 Nc6 13. Rg1 O-O 14.
Qc2 Nb4 15. Qb3 Bxb5 16. Nxb5 Nc6 17. Ng5 Re8 18. Ke2 a6 19. Kd1 axb5 20. Qxb5 Bf8 21.
Qxb7 Qd7 22. Qb3 Rab8 23. Qc2 h6 24. Nf3 Ne4 25. Nh4 Nxf2+ 0-1